 Dungeon Crawl Stone Soup version 0.27.1-1-g398f81649c (webtiles) character file.

Game seed: 15996133193161156881

805 pkoi the Ruffian (level 7, -12/66 HPs)
             Began as a Troll Fighter on Sept 14, 2021.
             Mangled by a gnoll (16 damage)
             ... on level 5 of the Dungeon.
             The game lasted 00:03:06 (2979 turns).

pkoi the Ruffian (Troll Fighter)                    Turns: 2979, Time: 00:03:07

Health: -12/66     AC:  4    Str: 27    XL:     7   Next: 60%
Magic:  6/6        EV:  8    Int:  4    God:
Gold:   262        SH: 10    Dex:  9    Spells: 5/6 levels left

rFire    . . .     SeeInvis .     - Unarmed
rCold    . . .     Faith    .   b - +1 kite shield
rNeg     . . .     Spirit   .   a - +0 robe
rPois    .         Reflect  .   (helmet restricted)
rElec    .         Harm     .   (no cloak)
rCorr    .         Rampage  .   (gloves unavailable)
Will     .....                  (boots unavailable)
Stlth    +.........             (no amulet)
HPRegen  1.21/turn              (no ring)
MPRegen  0.10/turn              (no ring)

@: lethally poisoned (-12 -> -13)
A: large, unfitting armour, claws 3, regeneration 1, shaggy fur 1, tough skin 1
a: no special abilities


You were on level 5 of the Dungeon.
You visited 1 branch of the dungeon, and saw 5 of its levels.

You collected 262 gold pieces.

Inventory:

Missiles
 d - 11 large rocks (quivered)
Armour
 a - a +0 robe (worn)
 b - a +1 kite shield (worn)
Jewellery
 k - an amulet of magic regeneration
 p - a ring of protection from cold
Scrolls
 r - 2 scrolls of blinking
Potions
 c - a potion of might
 e - a potion of heal wounds {unknown}
 f - a potion of curing
 l - a potion of flight
 m - 2 potions of haste
 o - a potion of berserk rage
 q - a potion of resistance


   Skills:
 - Level 2.4 Fighting
 - Level 2.7 Throwing
 - Level 2.4 Dodging
 + Level 4.4 Shields
 * Level 6.7 Unarmed Combat


You had 5 spell levels left.
You knew the following spells:

 Your Spells              Type           Power      Damage    Failure   Level
a - Apportation           Tloc           0%         N/A       83%         1

Your spell library contained the following spells:

 Spells                   Type           Power      Damage    Failure   Level


Dungeon Overview and Level Annotations

Branches:
Dungeon (5/15)             Temple (0/1) D:5

Altars:
Kikubaaqudgha

Shops:
D:1 ([[   D:3 [


Innate Abilities, Weirdness & Mutations

You are too large for most types of armour.
You have claws for hands.
Your natural rate of healing is unusually fast.
You are covered in fur. (AC +1)
You have tough skin. (AC +1)


Message History

Found a staircase to the Ecumenical Temple.
The gnoll shouts! x2; You hear a shout!
There are monsters nearby!
There are monsters nearby!
There are monsters nearby!
There are monsters nearby!
A gnoll comes into view. It is wielding a +0 flail.
Found a scroll labelled XIKHLO VAADAOHA.
The gnoll shouts!
An adder comes into view.
The adder hisses angrily.
You scratch the gnoll.
The gnoll is moderately wounded.
The gnoll barely misses you.
Found a robe.
The gnoll hits you with a +0 flail. The gnoll hits you with a +0 flail!
You block the gnoll's attack. You block the gnoll's attack.
The adder bites you.
You are poisoned.
The adder poisons you!
You closely miss the adder.
You feel sick. You block the adder's attack.
The gnoll hits you with a +0 flail. You block the gnoll's attack.
The gnoll hits you from afar with a +0 halberd.
Unknown command.
You completely miss the adder.
You feel sick. You block the adder's attack.
The gnoll hits you with a +0 flail! x2
* * * LOW HITPOINT WARNING * * *
You block the adder's attack.
The gnoll hits you from afar with a +0 halberd!
* * * LOW HITPOINT WARNING * * *
Unknown command.
You miss the adder.
You feel sick. The gnoll barely misses you. The adder barely misses you.
You block the gnoll's attack. x2
You scratch the adder.
The adder is lightly wounded.
You feel sick. You block the adder's attack.
The gnoll hits you with a +0 flail!
* * * LOW HITPOINT WARNING * * *
You block the gnoll's attack.
The gnoll hits you from afar with a +0 halberd!
You die...

........#####...).....#
.......## ###.........#
##.###†# #..........)..
#..##.# #.##.#....#.#.
#..##.# #....#.##.#.#
##....####.#..........
######§§..#.#.#.#.##..
§§§§§§....#.#.#....#
§§§§§§.....g@......#
§§§§§...##g#gS.#.#..
####§§#....#...#
####.#....#...
#.#.##.#.##.# ....
..?.. # ..#. .#?##. .#.
. .. [#


You could see 3 gnolls and an adder.

Vanquished Creatures
  A water moccasin (D:3)
  A necrophage (D:5)
  4 ogres
  A wyvern skeleton (D:5)
  A bullfrog zombie (D:5)
  A hound (D:4)
  4 adders
  An ufetubus (D:4)
  A worm (D:2)
  3 dart slugs
  An orc (D:5)
  7 ball pythons
  3 bats
  6 endoplasms
  5 giant cockroaches
  17 goblins
  4 hobgoblins
  3 jackals (D:2)
  6 kobolds
  2 quokkas
  2 frilled lizards
  2 rats
76 creatures vanquished.

Vanquished Creatures (collateral kills)
  Blork the orc (D:4)
  An orc (D:4)
2 creatures vanquished.

Grand Total: 78 creatures vanquished

Notes
Turn   | Place    | Note
-------+----------+-------------------------------------------
     0 | D:1      | pkoi the Troll Fighter began the quest for the Orb.
     0 | D:1      | Reached XP level 1. HP: 22/22 MP: 0/0
    59 | D:1      | Found Toesaromm's Weapon Emporium.
    80 | D:1      | Reached XP level 2. HP: 29/29 MP: 1/1
    86 | D:1      | Found Kov Obbu's Antique Armour Emporium.
   109 | D:1      | Found Aplunk's Armour Emporium.
   450 | D:2      | Reached skill level 1 in Throwing
   450 | D:2      | Reached skill level 3 in Unarmed Combat
   450 | D:2      | Reached XP level 3. HP: 32/36 MP: 2/2
  1333 | D:3      | Reached XP level 4. HP: 42/44 MP: 3/3
  1398 | D:3      | Found an ancient bone altar of Kikubaaqudgha.
  1447 | D:3      | Noticed a water moccasin
  1450 | D:3      | Killed a water moccasin
  1451 | D:3      | Reached skill level 4 in Unarmed Combat
  1451 | D:3      | Reached XP level 5. HP: 50/50 MP: 4/4
  1474 | D:3      | Found Toz Elid's Antique Armour Shop.
  1544 | D:3      | Found a faded altar of an unknown god.
  1554 | D:3      | Got Plato's Papyrus of the Voyage
  1560 | D:3      | Learned a level 1 spell: Apportation
  1739 | D:4      | Noticed Blork the orc
  1745 | D:4      | Killed Blork the orc
  1764 | D:4      | Noticed an ogre
  1788 | D:4      | Killed an ogre
  1789 | D:4      | Reached XP level 6. HP: 33/59 MP: 5/5
  1795 | D:4      | Reached skill level 5 in Unarmed Combat
  2733 | D:5      | Entered Level 5 of the Dungeon
  2776 | D:5      | Reached XP level 7. HP: 44/66 MP: 6/6
  2844 | D:5      | Reached skill level 6 in Unarmed Combat
  2969 | D:5      | Found a staircase to the Ecumenical Temple.
  2979 | D:5      | Mangled by a gnoll

Illustrated notes

Levels and vault maps discovered:
D:1:      lemuel_arrival_lava_pool, layout_basic, serial_shops, shop,
          nicolae_shop_waterfront, shop_fountains
D:2:      layout_loops_corners, hangedman_glass_teeth, minmay_diced_spiral
D:3:      layout_rooms, mainiacjoe_overflow_paths, serial_shops,
          nicolae_shop_statue_plus, shapermc_ecumenical_altar_rom_forum
D:4:      layout_gridville, minmay_ogre_servants, uniq_blork_the_orc
D:5:      layout_rooms, grunt_temple_overflow_open,
          beargit_hepliaklqana_dungeon_heroes, minmay_temple_entry_ruins,
          feat_on_display

Skill      XL: |  1  2  3  4  5  6  7 |
---------------+----------------------+-----
Throwing       | 1 2 |  2.7
Unarmed Combat | 3 4 5 6 |  6.7
Shields        | 3 4 |  4.4
Fighting       | |  2.4
Dodging        | |  2.4

Action                   |  1- 3 |  4- 6 |  7- 9 || total
-------------------------+-------+-------+-------++-------
Melee: Unarmed           |    99 |    95 |    19 ||   213
  Use: Scroll            |       |    13 |       ||    13
 Stab: Sleeping          |     1 |       |       ||     1
Armor: Robe              |    25 |    17 |       ||    42
Dodge: Dodged            |    22 |    24 |     5 ||    51
Block: Kite shield       |    37 |    53 |    13 ||   103
